 Dungeon Crawl Stone Soup version 0.19.0-18-g426998a (webtiles) character file.

1495 lorenzova the Shield-Bearer (level 8, -1/73 HPs)
             Began as a Minotaur Fighter on Nov 12, 2016.
             Was a Believer of Okawaru.
             Slain by a cyclops (24 damage)
             ... on level 7 of the Dungeon.
             The game lasted 00:11:39 (6012 turns).

lorenzova the Shield-Bearer (Minotaur Fighter)      Turns: 6012, Time: 00:11:40

Health: -1/73      AC: 17    Str: 21    XL:     8   Next: 51%
Magic:  5/7        EV: 12    Int:  5    God:    Okawaru [**....]
Gold:   175        SH: 13    Dex: 12    Spells: 0 memorised, 7 levels left

rFire  . . .     SeeInvis .     a - +0 war axe
rCold  . . .     Gourm    .     m - +0 chain mail
rNeg   . . .     Faith    .     c - +0 shield
rPois  .         Spirit   .     (helmet restricted)
rElec  .         Reflect  .     t - +0 cloak
rCorr  .         Harm     .     i - +2 pair of gloves
MR     .....                    (no boots)
Stlth  ..........               (no amulet)
                                (no ring)
                                (no ring)

@: heroism
A: retaliatory headbutt, horns 2
a: Heroism, Renounce Religion


You were on level 7 of the Dungeon.
You worshipped Okawaru.
Okawaru was pleased with you.
You were not hungry.

You visited 2 branches of the dungeon, and saw 8 of its levels.
You also visited: Sewer.

You collected 175 gold pieces.

Inventory:

Hand Weapons
 a - a +0 war axe (weapon)
Armour
 c - a +0 shield (worn)
 i - a +2 pair of gloves (worn)
 m - a +0 chain mail (worn)
 t - a +0 cloak (worn)
Wands
 o - a wand of flame (33/48)
 r - a wand of acid (6/15)
 H - a wand of flame (29/48)
Scrolls
 e - a scroll of magic mapping {unknown}
 h - 8 scrolls of identify {unknown}
 j - 6 scrolls of remove curse {unknown}
 k - a scroll of fog {unknown}
 l - 3 scrolls of amnesia {unknown}
 x - 2 scrolls of blinking {unknown}
 y - a scroll of noise {unknown}
 z - 2 scrolls of teleportation {unknown}
 D - 3 scrolls of fear {unknown}
 E - 2 scrolls of recharging {unknown}
Potions
 d - 2 potions of might
 g - 2 potions of curing {unknown}
 n - 2 potions of flight {unknown}
 p - 6 potions of brilliance {unknown}
 q - a potion of magic {unknown}
 s - 2 potions of invisibility {unknown}
 u - a potion of degeneration {unknown}
 w - a potion of resistance {unknown}
 A - a potion of lignification {unknown}
 B - a potion of heal wounds {unknown}
 F - a potion of haste {unknown}
 I - a potion of beneficial mutation {unknown}
Books
 C - a book of Maledictions

   Spells                             Type                      Level
   a - Corona                         Hexes                        1
   b - Ensorcelled Hibernation        Hexes/Ice                    2
   c - Confuse                        Hexes                        3
   d - Tukima's Dance                 Hexes                        3
   e - Dazzling Spray                 Conjuration/Hexes            3
 L - a book of Air

   Spells                             Type                      Level
   a - Shock                          Conjuration/Air              1
   b - Swiftness                      Charms/Air                   2
   c - Repel Missiles                 Charms/Air                   2
   d - Static Discharge               Conjuration/Air              3
   e - Lightning Bolt                 Conjuration/Air              5
Comestibles
 b - 6 meat rations
 f - 8 bread rations
 v - a royal jelly
 G - 7 beef jerkies
 J - a slice of pizza


   Skills:
 * Level 7.6(12.6) Fighting
 - Level 2.4(7.4) Axes
 * Level 7.7(12.7) Armour
 + Level 4.1(9.1) Dodging
 * Level 7.8(12.8) Shields


You had 7 spell levels left.
You didn't know any spells.

Dungeon Overview and Level Annotations

Branches:
Dungeon (7/15)             Temple (1/1) D:4

Altars:
Ashenzari
Cheibriados
Dithmenos
Elyvilon
Fedhas
Gozag
Hepliaklqana
Kikubaaqudgha
Makhleb
Nemelex Xobeh
Okawaru
Qazlal
Ru
Sif Muna
Trog
Uskayaw
Vehumet
Xom
Yredelemnul
Zin
The Shining One


Innate Abilities, Weirdness & Mutations

You reflexively headbutt those who attack you in melee.
You have a pair of horns on your head.


Message History

A cyclops comes into view.
The cyclops shouts!
The cyclops throws a large rock.
The large rock hits you!!
You see here a large rock.
A cyclops is nearby!
The cyclops throws a large rock.
The large rock hits you!!
* * * LOW HITPOINT WARNING * * *
You see here a large rock.
You are too injured to fight recklessly!
You are too injured to fight recklessly!
You see here a large rock.
You gain the combat prowess of a mighty hero.
You start resting.
You see here a large rock.
The cyclops closely misses you.
You see here a large rock.
You hit the cyclops.
The cyclops is lightly wounded.
The cyclops hits you!!
You die...

#.[.....#####.........######
#.....................######
#######.....................
#####..............#######
###.................. ....
#..............(..... ....
#...............###.. ....
#.....###.(.....## .. ....
####### ###@.....# ....
........C....# ...#
.............# ..
.............# .
.....##......# .....
#......# .... #......# ####
#......#


You could see a cyclops.

Vanquished Creatures
  A phantom (D:6)
  A hornet zombie (D:6)
  A centaur (D:5)
  5 ogres
  The ghost of feelmyfire the Conjurer, an amateur DECj (D:3)
  A gnoll sergeant (D:6)
  A howler monkey (D:6)
  A crimson imp (D:7)
  A bullfrog zombie (D:7)
  2 hounds (D:5)
  8 worker ants
  2 iguanas (D:4)
  A killer bee zombie (D:7)
  Robin (D:2)
  6 adders
  5 gnolls (D:6)
  A shadow imp (D:7)
  2 oozes
  An adder skeleton (D:5)
  4 worms (D:3)
  8 dart slugs
  8 leopard geckos
  An orc (D:4)
  4 bats
  8 giant cockroaches
  16 goblins
  9 hobgoblins
  12 jackals
  4 quokkas
  4 ball pythons
  9 frilled lizards
  11 kobolds
  A quokka skeleton (D:4)
  4 rats (D:1)
  4 plants (Sewer)
149 creatures vanquished.

Notes
Turn   | Place    | Note
-------+----------+-------------------------------------------
     0 | D:1      | lorenzova the Minotaur Fighter began the quest for the Orb.
     0 | D:1      | Reached XP level 1. HP: 19/19 MP: 0/0
   201 | D:1      | Reached XP level 2. HP: 26/27 MP: 1/1
   573 | D:2      | Reached XP level 3. HP: 32/33 MP: 2/2
   777 | D:2      | Noticed Robin
   802 | D:2      | Killed Robin
  1004 | D:2      | Reached skill level 1 in Dodging
  1004 | D:2      | Reached XP level 4. HP: 40/40 MP: 3/3
  1349 | D:3      | Noticed feelmyfire's ghost (amateur DECj)
  1366 | D:3      | Killed feelmyfire's ghost
  1366 | D:3      | Reached skill level 5 in Shields
  1366 | D:3      | Reached XP level 5. HP: 28/47 MP: 4/4
  1650 | D:3      | Reached skill level 5 in Armour
  1660 | D:3      | Found a shattered altar of Ashenzari.
  1711 | D:3      | Found a blossoming altar of Fedhas.
  2069 | D:3      | Noticed an ogre
  2072 | D:3      | Killed an ogre
  2072 | D:3      | Reached skill level 5 in Fighting
  2072 | D:3      | Reached XP level 6. HP: 50/56 MP: 5/5
  2406 | D:4      | Found a staircase to the Ecumenical Temple.
  2415 | Temple   | Entered the Ecumenical Temple
  2590 | Temple   | Became a worshipper of Warmaster Okawaru
  2810 | D:4      | Found a burning altar of Makhleb.
  2810 | D:4      | Noticed a green death
  3474 | D:5      | Entered Level 5 of the Dungeon
  3531 | D:5      | Reached XP level 7. HP: 62/62 MP: 6/6
  3874 | D:5      | Found a glowing drain.
  3885 | Sewer    | Entered a sewer
  4896 | D:5      | Reached * piety under Okawaru
  5038 | D:6      | Reached XP level 8. HP: 63/73 MP: 7/7
  5601 | D:6      | Reached ** piety under Okawaru
  6001 | D:7      | Noticed a cyclops
  6012 | D:7      | Slain by a cyclops

Skill      XL: |  1  2  3  4  5  6  7  8 |
---------------+-------------------------+-----
Shields        | 4 5 7 |  7.8
Armour         | 4 5 6 7 |  7.7
Fighting       | 4 5 7 |  7.6
Dodging        | 1 2 3 4 |  4.1
Axes           | |  2.4

Action                   |  1- 3 |  4- 6 |  7- 9 || total
-------------------------+-------+-------+-------++-------
Melee: War axe           |    84 |   131 |   259 ||   474
       Headbutt          |     7 |    26 |    51 ||    84
Invok: Heroism           |       |       |     1 ||     1
  Eat: Chunk             |       |     4 |     9 ||    13
       Bread ration      |       |     1 |       ||     1
Armor: Scale mail        |    11 |       |       ||    11
       Chain mail        |    37 |    56 |   108 ||   201
Dodge: Dodged            |    19 |    28 |    67 ||   114
Block: Shield            |    47 |    75 |   147 ||   269
